Map: Ever Dream LE

Players

TIME (Oliveira)

  • Race: Terran Terran
  • League: Grandmaster
  • Spawn Location: 1:00

TYTY (TY) - Winner!

  • Race: Terran Terran
  • League: Grandmaster
  • Spawn Location: 7:00

Event: DreamHack SC2 Masters 2020 Summer Season Finals

VOD

Have the link to the VOD?

Description

Time

  • Played on: July 16, 2020, 9:40 a.m.
  • Length: 12:40

All games in this series

Show
View Real Time Build Order
Export as new Build Order

TIME Terran 

Build Orders: Reaper Expand 

Get SALT Encoding   

  12  0:01  SCV  
  13  0:13  SCV  
  14  0:18  Supply Depot  
  14  0:25  SCV  
  15  0:40  SCV  
  15  0:41  Barracks  
  16  0:44  Refinery  
  16  0:52  SCV  
  17  1:04  SCV  
  18  1:16  SCV  
  19  1:29  Reaper, Orbital Command  
  20  1:39  Command Center  
  20  1:47  Supply Depot  
  20  1:55  SCV  
  21  2:01  Marine  
  21  2:07  SCV  
  23  2:09  Factory  
  23  2:16  Refinery  
  23  2:19  SCV  
  23  2:21  Barracks Reactor  
  24  2:30  Barracks  
  24  2:31  SCV  
  25  2:43  SCV  
  26  2:52  Orbital Command, Factory Tech Lab  
  26  2:55  SCV  
  26  2:57  Marine  
  26  2:58  Marine  
  29  3:07  SCV  
  29  3:11  Cyclone  
  33  3:17  SCV, Barracks Tech Lab  
  33  3:19  SCV  
  35  3:20  Marine x2  
  35  3:25  Supply Depot  
  37  3:30  SCV  
  37  3:31  SCV  
  39  3:37  Stimpack  
  39  3:38  Marine x2  
  41  3:42  SCV  
  41  3:46  SCV, Starport  
  43  3:49  Factory Reactor  
  43  3:50  Supply Depot, Marine  
  43  3:56  SCV, Marine  
  43  4:01  Supply Depot, Bunker  
  45  4:03  Marine  
  45  4:05  SCV  
  45  4:08  SCV  
  45  4:09  Marine  
  49  4:16  Marine  
  48  4:17  SCV  
  48  4:20  SCV  
  48  4:21  Marine  
  46  4:27  Marine  
  46  4:29  SCV  
  43  4:33  SCV  
  43  4:34  Marine  
  43  4:36  Medivac  
  46  4:38  Medivac  
  46  4:39  Marine  
  46  4:41  SCV  
  46  4:45  SCV  
  50  4:50  Marine  
  51  4:53  Marine  
  51  4:57  Marine  
  51  4:59  SCV  
  53  5:03  SCV  
  54  5:08  Marine  
  54  5:11  SCV, Marine  
  57  5:14  Siege Tank  
  57  5:15  SCV, Marine  
  62  5:23  SCV  
  62  5:26  Command Center, Marine  
  62  5:28  SCV  
  65  5:29  Marine  
  65  5:33  Barracks  
  65  5:38  SCV, Marine  
  65  5:41  SCV  
  63  5:48  Marine  
  64  5:54  SCV  
  64  5:56  Marine  
  58  5:57  Siege Tank  
  58  5:58  SCV  
  58  6:01  Starport Reactor  
  62  6:04  Refinery  
  62  6:05  Supply Depot, Refinery  
  62  6:07  SCV  
  62  6:09  Combat Shield  
  62  6:10  Marine  
  64  6:12  SCV  
  64  6:16  Marine  
  64  6:18  Marine  
  67  6:19  Marine  
  67  6:20  SCV  
  67  6:24  SCV  
  70  6:26  Marine  
  70  6:28  Marine  
  70  6:31  Siege Tank  
  76  6:32  SCV  
  76  6:38  Marine  
  76  6:39  Orbital Command  
  78  6:42  Medivac  
  78  6:44  SCV  
  78  6:45  SCV  
  81  6:47  Marine  
  81  6:48  Marine  
  81  6:49  Medivac  
  81  6:51  Marine  
  81  6:52  Marine  
  87  6:56  SCV, Marine  
  87  6:57  SCV  
  87  7:00  Supply Depot  
  90  7:07  Orbital Command  
  90  7:08  SCV  
  93  7:10  Supply Depot  
  93  7:12  SCV  
  93  7:14  Engineering Bay  
  93  7:15  Engineering Bay  
  92  7:16  Marine  
  92  7:22  Medivac, Siege Tank  
  98  7:25  Medivac  
  98  7:26  SCV  
  101  7:31  Marine x3  
  101  7:32  SCV  
  101  7:33  SCV  
  106  7:37  Supply Depot  
  106  7:38  SCV, Marine  
  106  7:40  Marine  
  109  7:44  Terran Infantry Weapons Level 1, Terran Infantry Armor Level 1  
  109  7:55  Supply Depot x2  
  109  7:58  SCV x2, Marine, Barracks  
  109  7:59  Barracks  
  109  8:01  Marine  
  109  8:04  SCV  
  114  8:05  Marine  
  114  8:06  Marine  
  114  8:07  Supply Depot  
  116  8:13  Viking  
  116  8:16  Viking, Siege Tank  
  116  8:17  SCV  
  116  8:18  SCV  
  124  8:21  Marine  
  124  8:22  SCV  
  121  8:28  Marine x2  
  121  8:29  SCV, Marine  
  121  8:30  SCV  
  121  8:33  Sensor Tower  
  126  8:34  SCV  
  123  8:41  SCV  
  123  8:43  SCV  
  123  8:46  SCV  
  112  8:50  Marine  
  112  8:52  Marine x2  
  112  8:54  Barracks Reactor x2  
  112  8:55  SCV x2  
  109  8:59  SCV  
  109  9:00  Marine  
  109  9:01  Marine  
  112  9:05  Siege Tank  
  112  9:07  Medivac  
  112  9:08  Marine  
  116  9:10  Armory  
  116  9:11  SCV x2  
  116  9:12  SCV  
  116  9:14  Refinery x2, Marine x2  
  116  9:15  Supply Depot  
  121  9:18  Marine  
  121  9:19  Marine  
  123  9:26  SCV, Viking, Marine  
  127  9:31  Marine  
  127  9:32  Marine  
  127  9:36  Marine x2  
  131  9:39  SCV  
  131  9:42  SCV, Marine  
  131  9:43  Marine x2  
  136  9:46  SCV  
  134  9:55  Marine  
  111  10:00  Marine x2  
  111  10:01  Marine x3  
  111  10:02  Siege Tank  
  111  10:05  SCV, Marine x2  
  107  10:07  SCV  
  107  10:08  SCV  
  107  10:10  Terran Infantry Armor Level 2, Terran Infantry Weapons Level 2  
  107  10:11  Marine  
  107  10:13  Viking, Marine  
  113  10:17  Marine  
  113  10:21  SCV, Terran Vehicle Weapons Level 1  
  115  10:23  Command Center, Marine x2  
  115  10:26  Marine x3  
  115  10:27  Viking  
  120  10:30  Missile Turret  
  120  10:34  SCV x2  
  122  10:37  Marine, Siege Tank  
  122  10:38  Supply Depot  
  122  10:40  Marine x2  
  128  10:43  Marine x2  
  128  10:47  Marine x2  
  128  10:48  Supply Depot  
  132  10:50  Viking  
  132  10:53  SCV  
  132  10:54  SCV x2  
  132  10:55  Marine  
  136  11:05  SCV  
  136  11:06  Marine x2  
  136  11:07  SCV  
  139  11:12  Marine x2  
  139  11:13  Marine  
  139  11:14  Siege Tank  
  144  11:24  Marine x2  
  135  11:26  Viking x2  
  135  11:27  Marine x4  
  135  11:32  Marine  
  144  11:33  Marine  
  144  11:37  SCV, Marine  
  147  11:41  Factory  
  147  11:42  Supply Depot, Marine x2  
  147  11:45  Marine x3  
  152  11:47  Siege Tank  
  152  11:50  Marine x2  
  152  11:51  Marine  
  152  11:52  SCV x2  
  160  11:55  Marine  
  160  12:00  Marine x2  
  163  12:04  Marine  
  164  12:09  Marine  
  164  12:10  Marine  
  164  12:11  Marine  
  164  12:12  Marine  
  171  12:17  Marine x2  
  171  12:20  Marine x2  
  175  12:23  Supply Depot  
  175  12:24  Supply Depot  
Show
View Real Time Build Order
Export as new Build Order

TYTY Terran - Winner!

Build Orders: Gas First Reaper Expand, Liberator Opening 

Get SALT Encoding   

  12  0:00  SCV  
  13  0:13  SCV  
  14  0:17  Supply Depot  
  14  0:25  SCV  
  14  0:28  Refinery  
  15  0:39  SCV  
  16  0:44  Barracks  
  16  0:51  SCV  
  17  1:03  SCV  
  18  1:15  SCV  
  19  1:31  Reaper  
  19  1:32  Orbital Command  
  20  1:41  Command Center  
  20  1:52  Factory  
  20  1:58  SCV  
  21  2:05  Barracks Reactor  
  21  2:08  Supply Depot  
  21  2:10  SCV  
  22  2:16  Refinery  
  23  2:22  SCV  
  23  2:34  SCV  
  24  2:43  Starport  
  24  2:46  Hellion x2  
  24  2:47  SCV  
  29  2:54  Orbital Command  
  29  2:59  SCV  
  30  3:07  Hellion  
  30  3:08  Hellion  
  30  3:11  SCV  
  35  3:19  Liberator  
  38  3:20  SCV  
  39  3:29  Supply Depot  
  39  3:30  Hellion  
  43  3:34  Hellion  
  43  3:37  SCV x2  
  43  3:39  Barracks Tech Lab  
  45  3:46  Refinery  
  45  3:49  SCV  
  45  3:50  SCV  
  45  3:54  Supply Depot  
  47  4:01  SCV  
  48  4:03  SCV, Marine  
  48  4:04  Marine  
  48  4:06  Cyclone  
  48  4:07  Starport Tech Lab  
  54  4:15  SCV  
  55  4:21  Marine x2  
  55  4:22  SCV  
  51  4:25  Raven  
  51  4:27  SCV  
  54  4:38  Siege Tank  
  57  4:39  SCV, Marine x2  
  57  4:45  SCV  
  55  4:51  SCV  
  56  4:54  Command Center  
  56  4:57  SCV  
  59  5:04  SCV  
  60  5:09  SCV, Supply Depot  
  60  5:12  Refinery  
  60  5:13  Siege Tank  
  62  5:17  Supply Depot  
  62  5:20  Supply Depot  
  62  5:23  Barracks  
  62  5:25  Barracks  
  62  5:30  Raven  
  62  5:31  SCV x2, Marine  
  67  5:43  SCV x2  
  67  5:44  Bunker  
  67  5:45  Marine  
  67  5:46  Siege Tank  
  67  5:49  Marine  
  68  5:55  SCV x2  
  69  6:03  Marine  
  70  6:04  Engineering Bay  
  70  6:06  Engineering Bay  
  70  6:07  SCV, Marine  
  70  6:08  Orbital Command  
  70  6:10  SCV  
  73  6:12  Barracks Tech Lab  
  73  6:14  Barracks Tech Lab  
  73  6:19  SCV, Orbital Command  
  73  6:20  Siege Tank  
  73  6:21  Marine  
  73  6:22  SCV  
  79  6:33  Terran Infantry Weapons Level 1, Terran Infantry Armor Level 1  
  79  6:34  Marine x2  
  79  6:35  Marine  
  79  6:36  Stimpack  
  82  6:41  SCV x2  
  82  6:44  Supply Depot  
  85  6:52  Marine  
  84  6:56  Barracks x2  
  84  6:59  Marine  
  85  7:03  Siege Tank  
  85  7:04  SCV x2  
  85  7:05  Barracks Reactor  
  90  7:10  Marine  
  91  7:20  Armory, Supply Depot, Marine  
  92  7:23  Medivac  
  92  7:24  Medivac  
  92  7:28  Marine  
  97  7:30  Supply Depot  
  97  7:37  Siege Tank  
  100  7:39  Barracks Tech Lab  
  100  7:41  SCV x2  
  102  7:45  Marine  
  102  7:48  Marine x2  
  106  7:54  Barracks Reactor  
  106  7:56  Barracks Reactor, Medivac x2  
  106  7:57  Missile Turret  
  106  7:58  Combat Shield, Missile Turret, Marine  
  109  8:00  SCV x2  
  109  8:03  Marine  
  112  8:06  Marine  
  112  8:08  Marine  
  112  8:12  SCV  
  116  8:16  Marine, Sensor Tower  
  119  8:20  Siege Tank  
  119  8:21  Marine  
  119  8:24  Marine  
  119  8:25  Marine  
  119  8:30  Marine x2  
  119  8:33  Supply Depot, Terran Infantry Weapons Level 2  
  119  8:34  Marine  
  122  8:46  Marine x3  
  124  8:49  Medivac  
  124  8:50  Medivac  
  124  8:51  Marine  
  124  8:52  Marine x4  
  124  8:53  SCV x2  
  124  8:54  Orbital Command  
  125  9:02  Terran Infantry Armor Level 2  
  125  9:04  Marine  
  125  9:08  Marine x2  
  125  9:09  Orbital Command, Marine  
  129  9:16  Marine  
  132  9:19  Marine  
  132  9:21  Sensor Tower  
  132  9:22  Marine x2  
  132  9:23  Supply Depot x3  
  132  9:32  Marine  
  133  9:44  SCV x3, Marine x4, Siege Tank  
  137  9:56  SCV  
  137  9:57  Marine x3  
  137  9:58  Marine  
  119  10:00  SCV x2  
  119  10:01  Medivac x2  
  119  10:02  Marine x4  
  113  10:09  SCV  
  113  10:12  SCV x2  
  116  10:15  Marine x4  
  116  10:18  Siege Tank  
  116  10:19  Refinery  
  116  10:20  Terran Vehicle Weapons Level 1, Marine x2  
  116  10:21  SCV, Refinery  
  126  10:22  Marine  
  126  10:23  Marine  
  126  10:24  SCV  
  129  10:30  SCV  
  129  10:33  SCV, Marine x2  
  134  10:39  Marine x2  
  134  10:40  Marine x2  
  137  10:43  Barracks Reactor, Factory, Marine  
  137  10:46  Medivac x2  
  142  10:50  Marine  
  142  10:51  Siege Tank  
  142  10:52  Marine  
  147  10:57  Marine  
  147  10:58  SCV x2  
  151  11:06  Marine x3  
  151  11:07  Marine  
  151  11:08  Marine  
  151  11:10  Marine  
  155  11:12  Supply Depot  
  155  11:16  SCV  
  152  11:26  Command Center  
  152  11:28  Siege Tank  
  152  11:32  Supply Depot  
  155  11:33  Supply Depot  
  155  11:34  Siege Tank  
  155  11:36  Medivac  
  155  11:37  Medivac, Marine x2  
  155  11:38  Marine  
  165  11:54  SCV x3  
  168  11:56  Marine  
  169  12:06  Viking  
  173  12:17  Marine x7  
  173  12:18  SCV  
  181  12:25  SCV  
Tags
 
Add a new tag
Caveats
  • Supply blocks, unpowered buildings, or Contaminate may cause inaccurate times.
  • Supply counts are checked every 10 seconds.